 Dungeon Crawl Stone Soup version 0.30-a0-297-g0ec75d9ef4 (webtiles) character file.

Game seed: 14609035849949378978

482 garrulousMonolith the Slasher (level 6, 0/56 HPs)
             Began as a Minotaur Fighter on Oct 18, 2022.
             Slain by Grinder (5 damage)
             ... in a sewer.
             The game lasted 00:05:00 (2994 turns).

garrulousMonolith the Slasher (Minotaur Fighter)    Turns: 2994, Time: 00:05:01

Health: 0/56       AC: 10    Str: 19 (21) XL:     6   Next: 87%
Magic:  5/5        EV:  8    Int:  4 (5)  God:
Gold:   98         SH:  7    Dex:  5 (11) Spells: 5/5 levels left

rFire   . . .      SeeInvis .    a - +0 long sword
rCold   . . .      Faith    .    k - +0 kite shield
rNeg    . . .      Spirit   .    b - +0 scale mail
rPois   .          Reflect  .    (helmet restricted)
rElec   .          Harm     .    (no cloak)
rCorr   .          Rampage  .    o - +2 pair of gloves
Will    .....                    (no boots)
Stlth   ..........               (no amulet)
HPRegen 0.29/turn                (no ring)
MPRegen 0.09/turn                (no ring)

@: no status effects
A: horns 2, retaliatory headbutt
a: no special abilities


You were in a sewer.
You visited 1 branch of the dungeon, and saw 4 of its levels.
You also visited: Sewer.

You collected 98 gold pieces.

Inventory:

Hand Weapons
 a - a +0 long sword (weapon)
Missiles
 h - 2 poisoned darts (quivered)
Armour
 b - a +0 scale mail (worn)
 k - a +0 kite shield (worn)
 o - a +2 pair of gloves (worn)
Wands
 n - a wand of polymorph (6)
Scrolls
 g - a scroll of immolation
Potions
 e - a potion of mutation


   Skills:
 + Level 5.0 Fighting
 * Level 5.5 Long Blades
 + Level 4.9 Armour
 + Level 3.0 Dodging
 + Level 5.0 Shields


You had 5 spell levels left.
You didn't know any spells.
Your spell library contained the following spells:

 Spells                   Type           Power      Damage    Failure   Level
 Ozocubu's Armour         Ice            0%         N/A       100%        3
 Ozocubu's Refrigeration  Ice            0%         4d7       100%        7


Dungeon Overview and Level Annotations

Branches:
Dungeon (4/15)              Sewer (1/1)
 Temple: D:4-7

Altars:
Cheibriados
Makhleb
Qazlal
Uskayaw
Xom
Yredelemnul

Annotations:
D:3 1 runed translucent door Sewer Grinder


Innate Abilities, Weirdness & Mutations

You have a pair of horns on your head.
You reflexively headbutt those who attack you in melee.


Message History

The kobold brigand hits you but does no damage.
You hit the kobold brigand but do no damage.
The kobold brigand is moderately wounded.
You block the kobold brigand's attack.
You closely miss the kobold brigand.
Your headbutt misses the kobold brigand.
The kobold brigand is moderately wounded.
You block the kobold brigand's attack.
The kobold brigand hits you but does no damage.
You hit the kobold brigand but do no damage.
The kobold brigand is moderately wounded.
The kobold brigand barely misses you. You furiously retaliate!
You headbutt the kobold brigand.
You hit the kobold brigand but do no damage.
The kobold brigand is heavily wounded.
The kobold brigand hits you but does no damage.
You closely miss the kobold brigand.
The kobold brigand is heavily wounded.
The kobold brigand hits you with a +0 whip.
You hit the kobold brigand.
You headbutt the kobold brigand, but do no damage.
The kobold brigand is heavily wounded.
Grinder hits you!
* * * LOW HITPOINT WARNING * * *
You writhe in agony.
* * * LOW HITPOINT WARNING * * *
The kobold brigand hits you but does no damage.
Grinder blinks!
The kobold brigand hits you but does no damage.
The kobold brigand attacks as you move away!
You block the kobold brigand's attack.
It was a potion of cancellation.
You feel magically purged.
The kobold brigand hits you but does no damage.
It was a potion of degeneration.
There was something very wrong with that liquid.
You feel weakened.
You feel dopey.
You feel clumsy. You block the bat's attack. Grinder hits you.
* * * LOW HITPOINT WARNING * * *
You writhe in agony.
You die...

≈≈≈≈≈#...~≈≈≈≈≈≈#≈≈≈#
≈≈≈≈≈#...#~≈≈≈≈≈#~≈≈#
≈≈≈≈≈≈..)#≈≈≈≈≈≈#
≈≈≈≈≈#...#≈≈≈≈≈≈#
≈≈≈≈~#...~≈≈≈≈≈§#
≈≈≈≈~#...#~≈≈§§≈#
≈≈≈....≈...§§§b§#
.~~..#≈≈≈#.§§5§§#
....#≈≈≈#.§§@K5# ###
##B#######§#
.#...#.KKK))#~~≈
~~...K5~~K~KK~≈≈≈#
≈≈#.§(#≈≈b≈≈≈#~≈≈#
####'#############
#.. ... '..


You could see Grinder, a kobold brigand, an ufetubus and a bat.

Vanquished Creatures
  A scorpion (D:4)
  A howler monkey (D:4)
  A crimson imp (D:3)
  A quasit (Sewer)
  Natasha (thrice) (D:3)
  Terence (D:3)
  A gnoll (D:1)
  5 adders
  A river rat (D:4)
  2 shadow imps (Sewer)
  3 ufetubi (Sewer)
  An adder zombie (Sewer)
  3 worms
  A dart slug (D:3)
  5 ball pythons
  6 bats
  7 endoplasms
  7 giant cockroaches
  5 goblins
  8 hobgoblins
  15 jackals
  4 quokkas
  2 frilled lizards
  A goblin zombie (D:3)
  20 kobolds
  A kobold zombie (D:3)
  4 rats (D:1)
110 creatures vanquished.

Vanquished Creatures (others)
  An adder zombie (Sewer)
  An endoplasm (Sewer)
  A giant cockroach zombie (Sewer)
3 creatures vanquished.

Grand Total: 113 creatures vanquished

Notes
Turn   | Place    | Note
-------+----------+-------------------------------------------
     0 | D:1      | garrulousMonolith the Minotaur Fighter began the quest for
                  | the Orb.
     0 | D:1      | Reached XP level 1. HP: 19/19 MP: 0/0
   171 | D:1      | Reached XP level 2. HP: 26/27 MP: 1/1
   519 | D:1      | Reached skill level 1 in Dodging
   519 | D:1      | Reached XP level 3. HP: 22/33 MP: 2/2
  1047 | D:2      | Reached XP level 4. HP: 17/40 MP: 3/3
  1770 | D:3      | Found a runed translucent door.
  1770 | D:3      | Noticed a human
  1778 | D:3      | Found a basalt altar of Yredelemnul.
  1780 | D:3      | Found a snail-covered altar of Cheibriados.
  1782 | D:3      | Noticed Terence
  1784 | D:3      | Noticed Natasha
  1791 | D:3      | Killed Terence
  1801 | D:3      | Killed Natasha
  1802 | D:3      | Reached XP level 5. HP: 34/47 MP: 4/4
  1822 | D:3      | Noticed Natasha
  1860 | D:3      | Killed Natasha
  2111 | D:3      | Noticed a +0 falchion
  2111 | D:3      | Noticed a +0 spear
  2116 | D:3      | Noticed a +0 falchion
  2120 | D:3      | Noticed a +0 dagger
  2120 | D:3      | Noticed a +0 short sword
  2121 | D:3      | Noticed a +0 dagger
  2121 | D:3      | Noticed a +0 short sword
  2122 | D:3      | Noticed a +0 spear
  2201 | D:3      | Found a hide-covered altar of Uskayaw.
  2226 | D:3      | Found a burning altar of Makhleb.
  2226 | D:3      | Found a shimmering altar of Xom.
  2340 | D:3      | Found a faded altar of an unknown god.
  2378 | D:3      | Found a stormy altar of Qazlal.
  2495 | D:4      | Reached XP level 6. HP: 53/53 MP: 5/5
  2501 | D:4      | Reached skill level 5 in Long Blades
  2549 | D:3      | Noticed Natasha
  2556 | D:3      | Killed Natasha
  2728 | D:4      | Found a glowing drain.
  2732 | Sewer    | Entered a sewer
  2892 | Sewer    | Reached skill level 5 in Shields
  2894 | Sewer    | Reached skill level 5 in Fighting
  2965 | Sewer    | Noticed Grinder
  2994 | Sewer    | Slain by Grinder

Illustrated notes

Levels and vault maps discovered:
D:1:      heliophobic_arrival_dark_side_of_the_moon, layout_loops_ring
D:2:      layout_basic, serial_bayou_pond_d, grunt_ministairs_8
D:3:      minmay_general_purpose_star, layout_basic,
          grunt_temple_overflow_champion_of_chaos, nicolae_uskayaw_en_pointe,
          kennysheep_slug_shrine, mainiacjoe_overflow_six_doors_small,
          dk_yredelemnul_ordeal, hellmonk_ecumenical_altar_dog_temple,
          uniq_natasha, uniq_terence
D:4:      layout_basic, temple_pool_b, gup_sewer_entry_spiral,
          minmay_fountain_box, minmay_cut_off
Sewer:    kennysheep_sewer_church

Skill      XL: |  1  2  3  4  5  6 |
---------------+-------------------+-----
Long Blades    | 3 4 5 |  5.5
Fighting       | 4 5 |  5.0
Dodging        | 1 2 3 |  3.0
Armour         | 4 |  4.9
Shields        | 4 5 |  5.0

Action                   |  1- 3 |  4- 6 || total
-------------------------+-------+-------++-------
Melee: Long sword        |   121 |   224 ||   345
       Headbutt          |    13 |    31 ||    44
Throw: Dart              |       |     2 ||     2
  Use: Potion            |       |     5 ||     5
       Scroll            |       |     7 ||     7
Armor: Scale mail        |    66 |   139 ||   205
Dodge: Dodged            |    52 |   101 ||   153
Block: Buckler           |    20 |       ||    20
       Kite shield       |    18 |   151 ||   169

Table legend: (Time is in decaauts)
 A = Elapsed time spent in this place.
 B = Non-inter-level travel time spent in this place.
 C = Inter-level travel time spent in this place.
 D = Time resting spent in this place.
 E = Time spent auto-exploring this place.
 F = Levels seen in this place.
 G = Mean time per level.
                   A        B        C        D        E       F      G
               +--------+--------+--------+--------+--------+-----+--------+
         Total |   3146 |   3041 |    105 |    554 |   1545 |   5 |  629.2 |
       Dungeon |   2853 |   2748 |    105 |    474 |   1484 |   4 |  713.2 |
         Sewer |    293 |    293 |      0 |     80 |     60 |   1 |  293.0 |
               +--------+--------+--------+--------+--------+-----+--------+

Top non-repeatable levels by time:
     D:3: 1002 daAuts
     D:2: 854 daAuts
     D:1: 764 daAuts
   Sewer: 293 daAuts
     D:4: 231 daAuts
